 Dungeon Crawl Stone Soup version 0.29-a0-838-g385bb11a5b (webtiles) character file.

Game seed: 8581277135547772245

3 gruber the Conjurer (level 1, -2/14 HPs)
             Began as a Draconian Conjurer on July 13, 2022.
             Slain by a kobold
             ... wielding a +0 short sword
              (3 damage)
             ... on level 1 of the Dungeon.
             The game lasted 00:00:07 (138 turns).

gruber the Conjurer (Draconian Conjurer)             Turns: 138, Time: 00:00:08

Health: -2/14      AC:  4    Str:  9    XL:     1   Next: 41%
Magic:  0/3        EV: 12    Int: 18    God:
Gold:   0          SH:  0    Dex:  9    Spells: 3/4 levels left

rFire   . . .      SeeInvis .   (no weapon)
rCold   . . .      Faith    .   (no shield)
rNeg    . . .      Spirit   .   (body armour unavailable)
rPois   .          Reflect  .   (helmet restricted)
rElec   .          Harm     .   (no cloak)
rCorr   .          Rampage  .   (no gloves)
Will    .....                   (no boots)
Stlth   ++........              (no amulet)
HPRegen 0.04/turn               (no ring)
MPRegen 0.08/turn               (no ring)

@: no status effects
A: AC +4, unfitting armour, cold-blooded
a: no special abilities


You were on level 1 of the Dungeon.
You visited 1 branch of the dungeon, and saw 1 of its levels.

Inventory:

Potions
 a - a potion of magic
 b - a potion of brilliance {unknown}


   Skills:
 - Level 1.7 Dodging
 - Level 1.7 Stealth
 + Level 2.0 Spellcasting
 + Level 4.1 Conjurations


You had 3 spell levels left.
You knew the following spells:

 Your Spells              Type           Power      Damage    Failure   Level
a - Magic Dart            Conj           64%        1d6       3%          1

Your spell library contained the following spells:

 Spells                   Type           Power      Damage    Failure   Level
 Searing Ray              Conj           32%        2d5       4%          2
 Dazzling Flash           Conj/Hex       18%        N/A       22%         3
 Fulminant Prism          Conj/Hex       4%         3d6       58%         4
 Iskenderun's Mystic Bla  Conj/Tloc      9%         2d4       58%         4


Dungeon Overview and Level Annotations

Branches:
Dungeon (1/15)

Altars:


Innate Abilities, Weirdness & Mutations

Your plain brown scales are hard. (AC +4)
You cannot fit into any form of body armour.
You are cold-blooded and may be slowed by cold attacks.


Message History

The magic dart hits the bat.
You kill the bat!
You see here a bat corpse.
Found a leather armour.
A rat comes into view.
The magic dart hits the rat.
You kill the rat!
A ball python and a kobold come into view.
Found a potion of magic.
The magic dart hits the kobold.
The kobold is heavily wounded.
The kobold shouts!
The ball python hisses angrily.
There are monsters nearby!
You miscast Magic Dart.
You are very lightly contaminated with residual magic.
Nothing appears to happen.
There are monsters nearby!
The magic dart hits the kobold.
The kobold is heavily wounded.
The kobold hits you with a +0 short sword.
There are monsters nearby!
You are out of magic!
You are out of magic!
You hit the kobold but do no damage. You tail-slap the kobold.
The kobold is severely wounded.
The kobold hits you with a +0 short sword.
A hobgoblin comes into view.
You are too injured to fight recklessly!
You are too injured to fight recklessly!
You are too injured to fight recklessly!
The kobold attacks as you move away! The kobold closely misses you.
Your magical contamination has completely faded away.
You hit the kobold but do no damage.
The kobold is heavily wounded.
The kobold hits you with a +0 short sword.
* * * LOW HITPOINT WARNING * * *
You hit the kobold but do no damage.
The kobold is heavily wounded.
The kobold hits you with a +0 short sword.
You die...

#..##..# #....#
#..# #.#.##.#
##...# ##..#
.#..##.#
##..###.#.#
..####.#
###.#...##.##.
.....+.#
#.............#
..######
#.####.###[.###
.#..# #.# #.#
#..# #.#.# #.#
#.# ##.# #..##
#@# #.# .# ####
#K# #.# # #S#
#.# #.# #.# #.#
#.# #.# #.#
#.....!..
####.g.## ###


You could see a ball python and a kobold.

Vanquished Creatures
  A bat (D:1)
  A goblin (D:1)
  A rat (D:1)
3 creatures vanquished.

Notes
Turn   | Place    | Note
-------+----------+-------------------------------------------
     0 | D:1      | gruber the Draconian Conjurer began the quest for the Orb.
     0 | D:1      | Reached XP level 1. HP: 14/14 MP: 3/3
   138 | D:1      | Slain by a kobold

Illustrated notes

Levels and vault maps discovered:
D:1:      nzn_arrival_crosshair, layout_loops_ring, serial_shops,
          nicolae_shop_bloodbath_and_beyond, chequers_garden,
          minmay_crystal_water

Action                   || total
-------------------------++-------
Melee: Unarmed           ||     3
       Tailslap          ||     1
 Cast: Magic Dart        ||     6
Armor: Skin              ||     1
Dodge: Dodged            ||     1

Table legend: (Time is in decaauts)
 A = Elapsed time spent in this place.
 B = Non-inter-level travel time spent in this place.
 C = Inter-level travel time spent in this place.
 D = Time resting spent in this place.
 E = Time spent auto-exploring this place.
 F = Levels seen in this place.
 G = Mean time per level.
                   A        B        C        D        E       F      G
               +--------+--------+--------+--------+--------+-----+--------+
         Total |    138 |    138 |      0 |      0 |    117 |   1 |  138.0 |
       Dungeon |    138 |    138 |      0 |      0 |    117 |   1 |  138.0 |
               +--------+--------+--------+--------+--------+-----+--------+

Top non-repeatable levels by time:
     D:1: 138 daAuts
